 Dungeon Crawl Stone Soup version 0.31-a0-845-g9abc20d24f (webtiles) character file.

Game seed: 11952032452826973521

1824 bobo the Skirmisher (level 9, -1/69 HPs)
             Began as a Gnoll Hunter on Oct 3, 2023.
             Was a Believer of Qazlal.
             Slain by an unseen horror (7 damage)
             ... on level 6 of the Dungeon.
             The game lasted 00:11:01 (5160 turns).

bobo the Skirmisher (Gnoll Hunter)                  Turns: 5160, Time: 00:11:01

Health: -1/69      AC:  5    Str: 10    XL:     9   Next: 11%
Magic:  0/15       EV: 15    Int:  9    God:    Qazlal [**....]
Gold:   275        SH:  2    Dex: 20    Spells: 14/16 levels left

rFire   . . .        a - +2 dagger (vamp)
rCold   + . .        (no shield)
rNeg    . . .        E - +0 leather armour {rPois}
rPois   +            (no helmet)
rElec   .            A - +0 cloak
rCorr   .            (no gloves)
SInv    .            w - +0 pair of boots
Will    .....        h - amulet of guardian spirit
Stlth   +++          x - ring of protection from cold
HPRegen 0.31/turn    (no ring)
MPRegen 0.14/turn

%: guardian spirit
@: no status effects
A: fangs 1, strong nose, distributed training
a: Renounce Religion, Upheaval


You were on level 6 of the Dungeon.
You worshipped Qazlal.
Qazlal was pleased with you.
You visited 2 branches of the dungeon, and saw 7 of its levels.

You collected 275 gold pieces.

Inventory:

Hand Weapons
 a - a +2 vampiric dagger (weapon)
 s - a +1 orcbow of flaming
Armour
 w - a +0 pair of boots (worn)
 A - a +0 cloak (worn)
 E - a +0 leather armour of poison resistance (worn)
Jewellery
 h - an amulet of guardian spirit (around neck)
 t - an amulet of faith
 x - a ring of protection from cold (left hand)
 D - an amulet of magic regeneration
Wands
 j - a wand of iceblast (7)
Scrolls
 b - a scroll of butterflies
 c - a scroll of brand weapon
 g - a scroll of blinking
 i - 5 scrolls of teleportation
 n - 7 scrolls of noise
 p - 3 scrolls of fog
 u - 2 scrolls of fear
 y - 2 scrolls of amnesia
Potions
 d - a potion of berserk rage
 e - 3 potions of magic
 f - a potion of cancellation {unknown}
 k - a potion of attraction {unknown}
 l - 2 potions of lignification {unknown}
 m - 4 potions of might {unknown}
 o - 2 potions of curing {unknown}
 q - 2 potions of enlightenment {unknown}
 r - a potion of ambrosia {unknown}
 v - a potion of haste {unknown}
 z - a potion of degeneration {unknown}
 B - a potion of mutation {unknown}
 C - a potion of brilliance {unknown}


   Skills:
 + Level 6.1 Fighting
 + Level 4.0 Short Blades
 + Level 4.0 Long Blades
 + Level 4.0 Axes
 + Level 4.0 Maces & Flails
 + Level 4.0 Polearms
 + Level 4.0 Staves
 + Level 9.4 Ranged Weapons
 + Level 4.0 Throwing
 + Level 4.0 Armour
 + Level 6.1 Dodging
 + Level 4.7 Stealth
 + Level 4.0 Shields
 + Level 4.0 Unarmed Combat
 + Level 4.0 Spellcasting
 + Level 3.2 Conjurations
 + Level 3.2 Hexes
 + Level 3.2 Summonings
 + Level 3.2 Necromancy
 + Level 3.2 Translocations
 + Level 3.2 Transmutations
 + Level 3.2 Fire Magic
 + Level 3.2 Ice Magic
 + Level 3.2 Air Magic
 + Level 3.2 Earth Magic
 + Level 3.2 Poison Magic
 + Level 4.4 Invocations
 + Level 4.0 Evocations
 + Level 3.6 Shapeshifting


You had 14 spell levels left.
You knew the following spells:

 Your Spells              Type           Power      Damage    Failure   Level
Z - Blink                 Tloc           14%        N/A       14%         2

Your spell library contained the following spells:

 Spells                   Type           Power      Damage    Failure   Level
 Lesser Beckoning         Tloc           14%        N/A       14%         2
 Momentum Strike          Conj/Tloc      14%        3d8       14%         2
 Tukima's Dance           Hex            7%         N/A       28%         3
 Dimensional Bullseye     Hex/Tloc       3%         N/A       67%         4
 Iskenderun's Mystic Bla  Conj/Tloc      7%         2d4       67%         4


Dungeon Overview and Level Annotations

Branches:
Dungeon (6/15)             Temple (1/1) D:5

Altars:
Ashenzari
Cheibriados
Dithmenos
Fedhas
Gozag
Hepliaklqana
Kikubaaqudgha
Makhleb
Okawaru
Qazlal
Ru
Sif Muna
Trog
Uskayaw
Vehumet
Wu Jian
Xom
Yredelemnul
Zin
The Shining One

Shops:
D:1 (=[:*

Annotations:
D:5 exclusion: oklob plant


Innate Abilities, Weirdness & Mutations

You have very sharp teeth.
Your uncanny sense of smell can sniff out nearby items.
Your experience applies equally to all skills.


Message History

The water moccasin bites you!
You barely miss the water moccasin.
The water moccasin is heavily wounded.
The water moccasin bites you.
You miss the water moccasin.
The water moccasin is heavily wounded.
The water moccasin closely misses you. The water moccasin bites you.
You block something's attack.
You closely miss the water moccasin.
The water moccasin is heavily wounded.
Something hits you! The water moccasin bites you. Something hits you.
There is an open door here.
Something barely misses you. The water moccasin bites you!
There is an open door here.
Something hits you.
Things that are here:
a +1 whip of electrocution; a +0 ring mail; an orc skeleton Something hits you!
There is an open door, spattered with blood here.
Things that are here:
a +0 club; a killer bee corpse; a bullfrog skeleton Something hits you but does no damage.
Something completely misses you. Something hits you!
* * * LOW HITPOINT WARNING * * *
Something hits you!
* * * LOW HITPOINT WARNING * * *
You miss something. Your bite misses something. Something hits you.
* * * LOW HITPOINT WARNING * * *
Something hits you.
* * * LOW HITPOINT WARNING * * *
Blink to where?
Press: ? - help, Dir - move target, p - water moccasin
As you read the scroll of blinking, it crumbles to dust.
A jelly comes into view.
Something hits you.
* * * LOW HITPOINT WARNING * * *
Something hits you!
You die...

## ## ################ #.J
.........#...#...#.
...#..##....'...'..... #.#.
...##.#...#.).#[
..#...##.....######)###
................ยง.S.... ##
#......S#######..# .# #.#######
##.# .# #@# ##.# .# # #.# #..#
.#########.#####.#### #.##
...................>##########.#
.############.#####............#
.#..#.........# #.############
.#.##.######### #.#
.#..........# #.#
.#.##.#####.##### #.#


There were no monsters in sight!

Vanquished Creatures
  A kobold demonologist (D:5)
  A wraith (D:6)
  An orc warrior (D:6)
  An ice beast (D:6)
  An ogre (D:6)
  3 bullfrogs
  3 scorpions
  A killer bee (D:6)
  A howler monkey (D:4)
  A jelly (D:5)
  4 orc priests
  3 hounds
  3 sleepcaps (D:6)
  5 iguanas
  An orc wizard (D:4)
  9 adders
  3 white imps (D:6)
  3 ufetubi
  A worm (D:2)
  2 dart slugs
  26 orcs
  4 endoplasms
  A giant cockroach (D:1)
  6 goblins
  6 hobgoblins
  5 jackals
  7 ball pythons
  3 bats
  5 frilled lizards
  5 kobolds
  5 rats
121 creatures vanquished.

Notes
Turn   | Place    | Note
-------+----------+-------------------------------------------
     0 | D:1      | bobo the Gnoll Hunter began the quest for the Orb.
     0 | D:1      | Reached XP level 1. HP: 20/20 MP: 1/1
    19 | D:1      | Found Amedut's Assorted Antiques.
   203 | D:1      | Found Cunoc's Jewellery Emporium.
   294 | D:1      | Found Heolad's Book Emporium.
   304 | D:1      | Reached XP level 2. HP: 26/26 MP: 2/2
   547 | D:1      | Found Dialuf's Antique Armour Shop.
   592 | D:1      | Found Kav Izxian's Weapon Shoppe.
   807 | D:2      | Reached XP level 3. HP: 28/31 MP: 3/3
   846 | D:2      | Reached skill level 1 in Invocations
  1026 | D:2      | Found a faded altar of an unknown god.
  1053 | D:2      | Prayed at the altar of an unknown god.
  1053 | D:2      | Became a worshipper of Qazlal Stormbringer
  1053 | D:2      | Reached * piety under Qazlal
  1096 | D:2      | Reached skill level 1 in Short Blades
  1096 | D:2      | Reached skill level 1 in Long Blades
  1096 | D:2      | Reached skill level 1 in Axes
  1096 | D:2      | Reached skill level 1 in Maces & Flails
  1096 | D:2      | Reached skill level 1 in Polearms
  1096 | D:2      | Reached skill level 1 in Staves
  1096 | D:2      | Reached skill level 1 in Throwing
  1096 | D:2      | Reached skill level 1 in Armour
  1096 | D:2      | Reached skill level 1 in Shields
  1096 | D:2      | Reached skill level 1 in Unarmed Combat
  1096 | D:2      | Reached skill level 1 in Spellcasting
  1096 | D:2      | Reached skill level 1 in Evocations
  1387 | D:2      | Reached XP level 4. HP: 38/38 MP: 5/5
  1529 | D:3      | Reached skill level 1 in Shapeshifting
  1876 | D:3      | Reached skill level 1 in Conjurations
  1876 | D:3      | Reached skill level 1 in Hexes
  1876 | D:3      | Reached skill level 1 in Summonings
  1876 | D:3      | Reached skill level 1 in Necromancy
  1876 | D:3      | Reached skill level 1 in Translocations
  1876 | D:3      | Reached skill level 1 in Transmutations
  1876 | D:3      | Reached skill level 1 in Fire Magic
  1876 | D:3      | Reached skill level 1 in Ice Magic
  1876 | D:3      | Reached skill level 1 in Air Magic
  1876 | D:3      | Reached skill level 1 in Earth Magic
  1876 | D:3      | Reached skill level 1 in Poison Magic
  2066 | D:4      | Noticed a bullfrog
  2073 | D:4      | Killed a bullfrog
  2074 | D:4      | Reached XP level 5. HP: 38/43 MP: 4/7
  2114 | D:4      | Found a sacrificial altar of Ru.
  2239 | D:4      | Reached ** piety under Qazlal
  2241 | D:4      | Reached XP level 6. HP: 50/50 MP: 4/8
  2285 | D:4      | Reached skill level 5 in Fighting
  2285 | D:4      | Reached skill level 5 in Dodging
  2691 | D:4      | Reached XP level 7. HP: 56/56 MP: 10/10
  2857 | D:5      | Entered Level 5 of the Dungeon
  2933 | D:5      | Found an ancient bone altar of Kikubaaqudgha.
  3125 | D:5      | Reached skill level 9 in Ranged Weapons
  3184 | D:5      | Found a staircase to the Ecumenical Temple.
  3363 | D:5      | Found a blossoming altar of Fedhas.
  3374 | D:5      | Noticed an oklob plant
  3573 | D:5      | Found an opulent altar of Gozag.
  3733 | D:5      | Noticed a kobold demonologist
  3761 | D:5      | Noticed a red devil
  3762 | D:5      | Killed a kobold demonologist
  3763 | D:5      | Reached XP level 8. HP: 35/63 MP: 5/12
  4001 | Temple   | Entered the Ecumenical Temple
  4919 | D:6      | Noticed a wraith
  4923 | D:6      | Killed a wraith
  4924 | D:6      | Reached XP level 9. HP: 47/69 MP: 0/14
  5118 | D:6      | Learned a level 2 spell: Blink
  5160 | D:6      | Slain by an unseen horror

Illustrated notes

Levels and vault maps discovered:
D:1:      dpeg_arrival_oval, layout_basic, serial_shops,
          nicolae_shop_hallway_plus, shop, shop, nicolae_shop_hallway_stairs,
          nicolae_shop_crystal, minmay_shallow_snake_nest
D:2:      layout_basic, basic_ecumenical_altar
D:3:      layout_rooms, minmay_misc_feat_rugged
D:4:      layout_basic, mainiacjoe_overflow_tiny_flanked
D:5:      layout_loops_ring, kiku_gazebo_garden_becter, kennysheep_mini,
          tgw_fedhas, minmay_temple_entry_grid
D:6:      minmay_thinvault, layout_basic
Temple:   nicolae_temple_bog_church

Skill      XL: |  1  2  3  4  5  6  7  8  9 |
---------------+----------------------------+-----
Invocations    | 1 2 3 4 |  4.4
Short Blades   | 1 2 3 4 |  4.0
Long Blades    | 1 2 3 4 |  4.0
Axes           | 1 2 3 4 |  4.0
Maces & Flails | 1 2 3 4 |  4.0
Polearms       | 1 2 3 4 |  4.0
Staves         | 1 2 3 4 |  4.0
Throwing       | 1 2 3 4 |  4.0
Armour         | 1 2 3 4 |  4.0
Shields        | 1 2 3 4 |  4.0
Unarmed Combat | 1 2 3 4 |  4.0
Spellcasting   | 1 2 3 4 |  4.0
Evocations     | 1 2 3 4 |  4.0
Shapeshifting  | 1 2 3 |  3.6
Conjurations   | 1 2 3 |  3.2
Hexes          | 1 2 3 |  3.2
Summonings     | 1 2 3 |  3.2
Necromancy     | 1 2 3 |  3.2
Translocations | 1 2 3 |  3.2
Transmutations | 1 2 3 |  3.2
Fire Magic     | 1 2 3 |  3.2
Ice Magic      | 1 2 3 |  3.2
Air Magic      | 1 2 3 |  3.2
Earth Magic    | 1 2 3 |  3.2
Poison Magic   | 1 2 3 |  3.2
Stealth        | 3 4 |  4.7
Fighting       | 5 6 |  6.1
Dodging        | 5 6 |  6.1
Ranged Weapons | 9 |  9.4

Action                     |  1- 3 |  4- 6 |  7- 9 || total
---------------------------+-------+-------+-------++-------
  Melee: Dagger            |       |       |    62 ||    62
         Bite              |       |       |     8 ||     8
         Punch             |       |       |     1 ||     1
   Fire: Shortbow          |    95 |       |       ||    95
         Orcbow            |       |   102 |   179 ||   281
 Invoke: Upheaval          |       |     1 |     8 ||     9
    Use: Scroll            |       |     6 |     7 ||    13
         Potion            |       |       |     1 ||     1
 Armour: Leather armour    |     7 |    24 |   127 ||   158
  Dodge: Dodged            |    11 |    31 |   137 ||   179
  Block: Other             |       |     2 |    20 ||    22

Table legend: (Time is in decaauts)
 A = Elapsed time spent in this place.
 B = Non-inter-level travel time spent in this place.
 C = Inter-level travel time spent in this place.
 D = Time resting spent in this place.
 E = Time spent auto-exploring this place.
 F = Levels seen in this place.
 G = Mean time per level.
                   A        B        C        D        E       F      G
               +--------+--------+--------+--------+--------+-----+--------+
         Total |   5187 |   4840 |    347 |    227 |   3798 |   7 |  741.0 |
       Dungeon |   5185 |   4839 |    346 |    227 |   3798 |   6 |  864.2 |
        Temple |      1 |      0 |      1 |      0 |      0 |   1 |    1.0 |
               +--------+--------+--------+--------+--------+-----+--------+

Top non-repeatable levels by time:
     D:5: 1372 daAuts
     D:6: 941 daAuts
     D:4: 819 daAuts
     D:1: 791 daAuts
     D:2: 769 daAuts
     D:3: 491 daAuts
  Temple: 1 daAuts
